TOP OF THE 1ST |
Staten Island Yankees batting - Pitching for Chicago (NYP) White Sox : RHP Eddie Usrey
|
Pitching: RHP Eddie Usrey
|
|
Batting: LHB Carlos Palau
|
0-0: Ball 1-0: Called Strike 1-1: Foul Ball, location: 2F 1-2: Foul Ball, location: 2F 1-2: Strikes out swinging
|
Batting: RHB Norimoto Miyanishi
|
0-0: Called Strike 0-1: Ball 1-1: Called Strike 1-2: Ball 2-2: Fly out, F8 (Flyball, 8RS, EV 91.9 MPH)
|
Batting: RHB Pat Pemberton
|
0-0: Called Strike 0-1: Ball 1-1: Ball 2-1: Ground out 6-3 (Groundball, 6MD, EV 79.4 MPH)
|
Top of the 1st over - 0 runs, 0 hits, 0 errors, 0 left on base; Staten Island 0 - Chicago (NYP) 0 |
BOTTOM OF THE 1ST |
Chicago (NYP) White Sox batting - Pitching for Staten Island Yankees : RHP Nick Peters
|
Pitching: RHP Nick Peters
|
|
Batting: RHB Rafael Medina
|
0-0: Ball 1-0: Ball 2-0: Ball 3-0: Called Strike 3-1: Fly out, F9 (Flyball, 9, EV 82.5 MPH)
|
Batting: SHB Danny Gallegos
|
0-0: Ball 1-0: Fly out, F5 (Popup, 56, EV 61.2 MPH)
|
Batting: LHB Anthony Mosley
|
0-0: Called Strike 0-1: Foul Ball, location: 2F 0-2: Ball 1-2: Fly out, F8 (Flyball, 8RD, EV 89.4 MPH)
|
Bottom of the 1st over - 0 runs, 0 hits, 0 errors, 0 left on base; Staten Island 0 - Chicago (NYP) 0 |
TOP OF THE 2ND |
Staten Island Yankees batting - Pitching for Chicago (NYP) White Sox : RHP Eddie Usrey
|
Batting: RHB Edite Leoni
|
0-0: Swinging Strike 0-1: Ball 1-1: Ball 2-1: SINGLE (Line Drive, 78M, EV 98.8 MPH)
|
Batting: LHB Justin Short
|
0-0: SINGLE (Line Drive, 78M, EV 100.0 MPH) Edite Leoni to second
|
Batting: RHB Brad Wren
|
0-0: Ball 1-0: Swinging Strike 1-1: Ball 2-1: Swinging Strike 2-2: Foul Ball, location: 2F 2-2: Ball 3-2: Base on Balls Edite Leoni to third Justin Short to second
|
Batting: SHB Adam Slade
|
0-0: Ball 1-0: Called Strike 1-1: Ball 2-1: Swinging Strike 2-2: SINGLE (Groundball, 3D, EV 93.8 MPH) Edite Leoni scores Justin Short to third Brad Wren to second Runner from 3rd tries for Home, SAFE, throw by RF to trailing runner, OUT at third! 9-3-5
|
Batting: RHB Danny Ayala
|
0-0: Called Strike 0-1: Ball 1-1: Grounds into double play, 4-6-3 (Groundball, 4, EV 76.2 MPH)
|
Top of the 2nd over - 2 runs, 3 hits, 0 errors, 0 left on base; Staten Island 2 - Chicago (NYP) 0 |
BOTTOM OF THE 2ND |
Chicago (NYP) White Sox batting - Pitching for Staten Island Yankees : RHP Nick Peters
|
Batting: RHB Jeremy Lewis
|
0-0: Ball 1-0: Called Strike 1-1: Foul Ball, location: 2F 1-2: Strikes out looking
|
Batting: RHB Steve Byerly
|
0-0: Foul Ball, location: 2F 0-1: Ground out 4-3 (Groundball, 4, EV 89.4 MPH)
|
Batting: RHB Shintaro Katsumata
|
0-0: Called Strike 0-1: Ball 1-1: Foul Ball, location: 2F 1-2: TRIPLE (Flyball, 89XD, EV 103.8 MPH)
|
Batting: RHB Sean Peake
|
Balk! Shintaro Katsumata scores 0-0: SINGLE (Groundball, 56D, EV 100.6 MPH)
|
Batting: RHB Yorkis Saiki
|
0-0: Called Strike Sean Peake steals 2nd, throwing error, E2 Sean Peake to third 0-1: SINGLE (Groundball, 6MD, EV 102.5 MPH) Sean Peake scores
|
Batting: RHB Ighlas Mwara
|
0-0: Hit by Pitch Yorkis Saiki to second
|
Batting: RHB Rafael Medina
|
0-0: Ball 1-0: Foul Ball, location: 2F 1-1: Fly out, F7 (Flyball, 78M, EV 89.4 MPH)
|
Bottom of the 2nd over - 2 runs, 3 hits, 1 error, 2 left on base; Staten Island 2 - Chicago (NYP) 2 |
TOP OF THE 3RD |
Staten Island Yankees batting - Pitching for Chicago (NYP) White Sox : RHP Eddie Usrey
|
Batting: RHB Jesus Ruiz
|
0-0: Called Strike 0-1: Swinging Strike 0-2: Strikes out looking
|
Batting: LHB Carlos Palau
|
0-0: Called Strike 0-1: Ball 1-1: DOUBLE (Line Drive, 3D, EV 112.5 MPH)
|
Batting: RHB Norimoto Miyanishi
|
0-0: Foul Ball, location: 2F 0-1: Ball 1-1: SINGLE (Groundball, 5S, EV 66.2 MPH) (infield hit) Carlos Palau to third
|
Batting: RHB Pat Pemberton
|
0-0: Called Strike 0-1: Ball 1-1: Ball 2-1: Foul Ball, location: 2F 2-2: Grounds into double play, 5-4-3 (Groundball, 56, EV 91.2 MPH)
|
Top of the 3rd over - 0 runs, 2 hits, 0 errors, 1 left on base; Staten Island 2 - Chicago (NYP) 2 |
BOTTOM OF THE 3RD |
Chicago (NYP) White Sox batting - Pitching for Staten Island Yankees : RHP Nick Peters
|
Batting: SHB Danny Gallegos
|
0-0: Called Strike 0-1: Swinging Strike 0-2: Ball 1-2: Strikes out swinging
|
Batting: LHB Anthony Mosley
|
0-0: SINGLE (Line Drive, 56, EV 104.4 MPH)
|
Batting: RHB Jeremy Lewis
|
0-0: Called Strike 0-1: Fly out, F9 (Line Drive, 9, EV 84.4 MPH)
|
Batting: RHB Steve Byerly
|
0-0: Swinging Strike 0-1: Ball 1-1: Ground out 4-3 (Groundball, 4, EV 78.1 MPH)
|
Bottom of the 3rd over - 0 runs, 1 hit, 0 errors, 1 left on base; Staten Island 2 - Chicago (NYP) 2 |
TOP OF THE 4TH |
Staten Island Yankees batting - Pitching for Chicago (NYP) White Sox : RHP Eddie Usrey
|
Batting: RHB Edite Leoni
|
0-0: Ball 1-0: Called Strike 1-1: Called Strike 1-2: Ball 2-2: Strikes out swinging
|
Batting: LHB Justin Short
|
0-0: Ball 1-0: Swinging Strike 1-1: Called Strike 1-2: Strikes out swinging
|
Batting: RHB Brad Wren
|
0-0: Ball 1-0: Ball 2-0: Called Strike 2-1: Called Strike 2-2: Foul Ball, location: 2F 2-2: Strikes out swinging
|
Top of the 4th over - 0 runs, 0 hits, 0 errors, 0 left on base; Staten Island 2 - Chicago (NYP) 2 |
BOTTOM OF THE 4TH |
Chicago (NYP) White Sox batting - Pitching for Staten Island Yankees : RHP Nick Peters
|
Batting: RHB Shintaro Katsumata
|
0-0: Ball 1-0: Ground out 4-3 (Groundball, 4, EV 103.1 MPH)
|
Batting: RHB Sean Peake
|
0-0: Swinging Strike 0-1: Ball 1-1: Foul Ball, location: 2F 1-2: Ground out 3-1 (Groundball, 34S, EV 81.9 MPH)
|
Batting: RHB Yorkis Saiki
|
0-0: Ball 1-0: Ball 2-0: Ball 3-0: Base on Balls
|
Batting: RHB Ighlas Mwara
|
0-0: Foul Ball, location: 2F 0-1: Ball 1-1: Foul Ball, location: 2F 1-2: Foul Ball, location: 2F 1-2: Strikes out looking
|
Bottom of the 4th over - 0 runs, 0 hits, 0 errors, 1 left on base; Staten Island 2 - Chicago (NYP) 2 |
TOP OF THE 5TH |
Staten Island Yankees batting - Pitching for Chicago (NYP) White Sox : RHP Eddie Usrey
|
Batting: SHB Adam Slade
|
0-0: Ball 1-0: Ball 2-0: Ball 3-0: Base on Balls
|
Batting: RHB Danny Ayala
|
0-0: Called Strike 0-1: Grounds into double play, 6-4-3 (Groundball, 6, EV 106.9 MPH)
|
Batting: RHB Jesus Ruiz
|
0-0: SINGLE (Groundball, 34D, EV 97.5 MPH)
|
Batting: LHB Carlos Palau
|
0-0: Ball 1-0: Ball 2-0: Swinging Strike 2-1: Called Strike 2-2: Ball 3-2: Base on Balls Jesus Ruiz to second
|
Batting: RHB Norimoto Miyanishi
|
0-0: Ball 1-0: Called Strike 1-1: Ball 2-1: Ground out 3-1 (Groundball, 34, EV 99.4 MPH)
|
Top of the 5th over - 0 runs, 1 hit, 0 errors, 2 left on base; Staten Island 2 - Chicago (NYP) 2 |
BOTTOM OF THE 5TH |
Chicago (NYP) White Sox batting - Pitching for Staten Island Yankees : RHP Nick Peters
|
Batting: RHB Rafael Medina
|
0-0: Ball 1-0: Ball 2-0: Called Strike 2-1: Ball 3-1: Called Strike 3-2: Reached on error, E4 (Groundball, 4, EV 85.6 MPH)
|
Batting: SHB Danny Gallegos
|
0-0: Ball 1-0: Called Strike 1-1: Swinging Strike 1-2: Strikes out looking
|
Batting: LHB Anthony Mosley
|
0-0: Called Strike Rafael Medina steals 2nd base 0-1: Ball 1-1: Ball 2-1: Foul Ball, location: 2F 2-2: Foul Ball, location: 2F 2-2: Ground out U3 (Groundball, 3, EV 100.6 MPH) Rafael Medina to third
|
Batting: RHB Jeremy Lewis
|
0-0: Ball 1-0: Ball 2-0: Called Strike 2-1: Fly out, F9 (Line Drive, 89M, EV 102.5 MPH)
|
Bottom of the 5th over - 0 runs, 0 hits, 1 error, 1 left on base; Staten Island 2 - Chicago (NYP) 2 |
TOP OF THE 6TH |
Staten Island Yankees batting - Pitching for Chicago (NYP) White Sox : RHP Eddie Usrey
|
Batting: RHB Pat Pemberton
|
0-0: Ground out 6-3 (Groundball, 6MD, EV 98.1 MPH)
|
Batting: RHB Edite Leoni
|
0-0: SINGLE (Groundball, 6D, EV 95.6 MPH)
|
Batting: LHB Justin Short
|
0-0: Swinging Strike 0-1: Swinging Strike 0-2: Strikes out swinging
|
Batting: RHB Brad Wren
|
0-0: Called Strike 0-1: Swinging Strike 0-2: SINGLE (Groundball, 56D, EV 100.0 MPH) Edite Leoni to second
|
Batting: SHB Adam Slade
|
0-0: Swinging Strike 0-1: Called Strike 0-2: Strikes out swinging
|
Top of the 6th over - 0 runs, 2 hits, 0 errors, 2 left on base; Staten Island 2 - Chicago (NYP) 2 |
BOTTOM OF THE 6TH |
Chicago (NYP) White Sox batting - Pitching for Staten Island Yankees : RHP Nick Peters
|
Batting: RHB Steve Byerly
|
0-0: Foul Ball, location: 2F 0-1: Foul Ball, location: 2F 0-2: Foul Ball, location: 2F 0-2: Ball 1-2: SINGLE (Flyball, 6D, EV 86.2 MPH) - OUT at second base trying to stretch hit.
|
Batting: RHB Shintaro Katsumata
|
0-0: Called Strike 0-1: Hit by Pitch
|
Batting: RHB Sean Peake
|
0-0: Called Strike 0-1: Fly out, F9 (Flyball, 9D, EV 87.5 MPH)
|
Batting: RHB Yorkis Saiki
|
0-0: Ball Shintaro Katsumata steals 2nd base (no throw) 1-0: SINGLE (Line Drive, 8RS, EV 89.4 MPH) Shintaro Katsumata to third Runner from 3rd tries for Home, SAFE, throw by CF to home
|
Batting: RHB Ighlas Mwara
|
0-0: Ground out U3 (Groundball, 3S, EV 63.1 MPH)
|
Bottom of the 6th over - 1 run, 2 hits, 0 errors, 1 left on base; Staten Island 2 - Chicago (NYP) 3 |
TOP OF THE 7TH |
Staten Island Yankees batting - Pitching for Chicago (NYP) White Sox : RHP Eddie Usrey
|
Batting: RHB Danny Ayala
|
0-0: Ball 1-0: DOUBLE (Groundball, 5L, EV 95.0 MPH)
|
Batting: RHB Jesus Ruiz
|
0-0: Ball 1-0: Ball 2-0: Foul Ball, location: 2F 2-1: Ball 3-1: Called Strike 3-2: Foul Ball, location: 2F 3-2: 2-RUN HOME RUN (Flyball, 7LD, EV 96.2 MPH), Distance : 369 ft
|
Batting: LHB Carlos Palau
|
0-0: Foul Ball, location: 2F 0-1: Ground out 4-3 (Groundball, 34, EV 90.6 MPH)
|
Batting: RHB Norimoto Miyanishi
|
0-0: Called Strike 0-1: Ball 1-1: Called Strike 1-2: Foul Ball, location: 2F 1-2: Strikes out looking
|
Batting: RHB Pat Pemberton
|
0-0: Foul Ball, location: 2F 0-1: Called Strike 0-2: Foul Ball, location: 2F 0-2: Strikes out looking
|
Top of the 7th over - 2 runs, 2 hits, 0 errors, 0 left on base; Staten Island 4 - Chicago (NYP) 3 |
BOTTOM OF THE 7TH |
Chicago (NYP) White Sox batting - Pitching for Staten Island Yankees : RHP Nick Peters
|
Batting: RHB Rafael Medina
|
0-0: Swinging Strike 0-1: Foul Ball, location: 2F 0-2: Ball 1-2: Ball 2-2: Ball 3-2: Strikes out swinging
|
Batting: SHB Danny Gallegos
|
0-0: Called Strike 0-1: Swinging Strike 0-2: Ground out 6-3 (Groundball, 56, EV 87.5 MPH)
|
Batting: LHB Anthony Mosley
|
0-0: Called Strike 0-1: Ground out 6-3 (Groundball, 6, EV 90.0 MPH)
|
Bottom of the 7th over - 0 runs, 0 hits, 0 errors, 0 left on base; Staten Island 4 - Chicago (NYP) 3 |
TOP OF THE 8TH |
Staten Island Yankees batting - Pitching for Chicago (NYP) White Sox : RHP Eddie Usrey
|
Pitching: RHP Mike Wheeler
|
|
Batting: RHB Edite Leoni
|
0-0: Called Strike 0-1: Foul Ball, location: 2F 0-2: Ball 1-2: Foul Ball, location: 2F 1-2: Ball 2-2: Foul Ball, location: 2F 2-2: Foul Ball, location: 2F 2-2: Ball 3-2: Base on Balls
|
Batting: LHB Justin Short
|
0-0: Foul Ball, location: 2F 0-1: Fly out, F8 (Line Drive, 8RD, EV 88.1 MPH)
|
Batting: RHB Brad Wren
|
0-0: Called Strike 0-1: Fly out, F7 (Line Drive, 78D, EV 100.0 MPH)
|
Batting: SHB Adam Slade
|
0-0: Called Strike 0-1: Swinging Strike 0-2: Foul Ball, location: 2F 0-2: Ball 1-2: Ball 2-2: Ball 3-2: Strikes out swinging
|
Top of the 8th over - 0 runs, 0 hits, 0 errors, 1 left on base; Staten Island 4 - Chicago (NYP) 3 |
BOTTOM OF THE 8TH |
Chicago (NYP) White Sox batting - Pitching for Staten Island Yankees : RHP Nick Peters
|
Pitching: RHP Francisco Rosado
|
|
Batting: RHB Jeremy Lewis
|
0-0: Ball 1-0: Ball 2-0: Called Strike 2-1: Ground out 4-3 (Groundball, 34S, EV 84.4 MPH)
|
Batting: RHB Steve Byerly
|
0-0: Ball 1-0: Foul Ball, location: 2F 1-1: Ball 2-1: Foul Ball, location: 2F 2-2: Ground out 4-3 (Groundball, 34D, EV 107.5 MPH)
|
Batting: RHB Shintaro Katsumata
|
0-0: SINGLE (Line Drive, 9LS, EV 103.8 MPH)
|
Batting: RHB Sean Peake
|
0-0: Called Strike 0-1: Ball 1-1: Swinging Strike 1-2: SINGLE (Groundball, 4S, EV 67.5 MPH) (infield hit) Shintaro Katsumata to second
|
Batting: RHB Yorkis Saiki
|
0-0: Ground out 4-3 (Groundball, 4, EV 81.2 MPH)
|
Bottom of the 8th over - 0 runs, 2 hits, 0 errors, 2 left on base; Staten Island 4 - Chicago (NYP) 3 |
TOP OF THE 9TH |
Staten Island Yankees batting - Pitching for Chicago (NYP) White Sox : RHP Mike Wheeler
|
Pinch Hitting: LHB Danny de Leon
|
0-0: Called Strike 0-1: Ball 1-1: Foul Ball, location: 2F 1-2: Strikes out looking
|
Batting: RHB Jesus Ruiz
|
0-0: Ball 1-0: Called Strike 1-1: SINGLE (Groundball, 4D, EV 96.2 MPH)
|
Batting: LHB Carlos Palau
|
0-0: Ball Wild Pitch! Jesus Ruiz to second 1-0: Intentional Walk
|
Batting: RHB Norimoto Miyanishi
|
0-0: Ball 1-0: Called Strike 1-1: Called Strike 1-2: Foul Ball, location: 2F 1-2: Ball 2-2: Strikes out swinging
|
Pitching: RHP Jose Barreras
|
|
Batting: RHB Pat Pemberton
|
0-0: Ball 1-0: Called Strike 1-1: Fly out, F8 (Flyball, 8RS, EV 83.8 MPH)
|
Top of the 9th over - 0 runs, 1 hit, 0 errors, 2 left on base; Staten Island 4 - Chicago (NYP) 3 |
BOTTOM OF THE 9TH |
Chicago (NYP) White Sox batting - Pitching for Staten Island Yankees : RHP Francisco Rosado
|
Pitching: RHP Matt Elliott
|
|
Now at C: Alex Blanco
|
|
Now at 1B: Daniel Underhay
|
|
Now in RF: Jon Pierce
|
|
Pinch Hitting: RHB Bobby Heagle
|
0-0: Ground out 6-3 (Groundball, 6, EV 88.8 MPH)
|
Batting: RHB Rafael Medina
|
0-0: Swinging Strike 0-1: Called Strike 0-2: Ball 1-2: Fly out, F4 (Popup, 34S, EV 81.9 MPH)
|
Batting: SHB Danny Gallegos
|
0-0: Swinging Strike 0-1: Ground out 4-3 (Groundball, 34S, EV 83.8 MPH)
|
Bottom of the 9th over - 0 runs, 0 hits, 0 errors, 0 left on base; Staten Island 4 - Chicago (NYP) 3 |
|